 Dungeon Crawl Stone Soup version 0.14-a0-2017-g4a4604d (webtiles) character file.

144 M4edhros the Ducker (level 4, 0/31 HPs)
             Began as an Octopode Wanderer on Jan 18, 2014.
             Slain by a jackal (2 damage)
             ... on Level 4 of the Dungeon.
             The game lasted 00:02:09 (614 turns).

M4edhros the Ducker (Octopode Wanderer)              Turns: 614, Time: 00:02:09

HP   0/31        AC  1     Str  8      XL: 4   Next: 84%
MP   4/4         EV 14     Int 15      God:
Gold 38          SH  0     Dex 14      Spells:  0 memorised,  3 levels left

rFire  . . .     SeeInvis .     a - +3,+2 quarterstaff
rCold  . . .     Clarity  .     (no shield)
rNeg   . . .     Conserve .     (helmet restricted)
rPois  .         rCorr    .     (no amulet)
rElec  .         rRot     .     (no ring)
SustAb . .       Spirit   .     (no ring)
rMut   .         Warding  .     (no ring)
Saprov . . .     Stasis   .     (no ring)
MR     .....                    (no ring)
                                (no ring)
                                (no ring)
                                (no ring)

@: not resistant to hostile enchantments, stealthy
A: almost no armour, amphibious, 8 rings, constrict 8, camouflage 1, gelatinous
body 1
a: no special abilities


You were on level 4 of the Dungeon.
You were not hungry.

You visited 1 branch of the dungeon, and saw 4 of its levels.

You collected 38 gold pieces.

Inventory:

Hand weapons
 a - a +3,+2 quarterstaff (weapon)
Magical devices
 h - a wand of slowing (9)
Comestibles
 c - 2 meat rations
 d - 2 bread rations
Scrolls
 g - 4 scrolls of identify


   Skills:
 - Level 3.0 Fighting
 - Level 2.0 Staves
 + Level 4.8 Dodging
 - Level 1.3 Stealth
   Level 1.0 Shields
 - Level 1.0 Unarmed Combat


You had 3 spell levels left.
You didn't know any spells.

Dungeon Overview and Level Annotations

Branches:
Dungeon (4/16)
 Temple: D:4-7

Altars:


Innate Abilities, Weirdness & Mutations

You cannot wear most types of armour.
You are amphibious.
You can wear up to eight rings at the same time.
You can use your tentacles to constrict many enemies at once.
Your skin changes colour to match your surroundings (Stlth).
Your rubbery body absorbs attacks (AC +1).


Message History

The poisoned needle misses you. 2 jackals come into view.
The jackal barks!
Found a potion of brilliance. 2 jackals come into view.
Read which item? (? for menu, Esc to quit)
Okay, then.
Read which item? (? for menu, Esc to quit)
As you read the scroll labeled BLUNEAN SIMOA, it crumbles to dust.
You feel aware of your surroundings.
It was a scroll of magic mapping.
Read which item? (? for menu, Esc to quit)
As you read the scroll labeled KHESIY FEEVAS, it crumbles to dust.
Use on which item? (\ to view known items) (? for menu, Esc to quit)
h - a wand of slowing (9) It was a scroll of identify.
The ogre barely misses you. The jackal closely misses you.
You aren't carrying any potions.
You don't know any spells.
The jackal bites you.
You die...

###K##.######## *,,,**
#.............###*********
#............>..!,,,,,,,,,
#.............#######*****
#.......K(............,,,,
###.##.##...h........,,***
#.##.##Oh.........,,,* *
#.##.##.h........,,,,* *
######.##.##@......[.,,,,,* *
#..........#........#,#**,* *
#..........#.......<#.# *,* *
#..........#........#.# *,* *
#..........#.....%....# *,* *
#...(...............### *,* *
#..........#........#####.##*
#...........................,
#..........#...........##.##*


You could see an ogre, 3 jackals and a kobold.

Vanquished Creatures
  A giant frog (D:3)
  A worker ant (D:4)
  An ooze (D:3)
  2 bats (D:4)
  A goblin (D:3)
  2 hobgoblins
  A ball python (D:3)
  A giant newt (D:3)
  4 jackals (D:1)
  2 rats
16 creatures vanquished.

Notes
Turn   | Place    | Note
--------------------------------------------------------------
     0 | D:1      | M4edhros, the Octopode Wanderer, began the quest for the Orb.
     0 | D:1      | Reached XP level 1. HP: 16/16 MP: 1/1
   256 | D:3      | Reached XP level 2. HP: 21/21 MP: 2/2
   330 | D:3      | Noticed a giant frog
   336 | D:3      | Killed a giant frog
   336 | D:3      | Reached skill level 4 in Dodging
   336 | D:3      | Reached XP level 3. HP: 26/26 MP: 3/3
   336 | D:3      | Reached XP level 4. HP: 31/31 MP: 4/4
   560 | D:4      | Paralysed by a potion of paralysis for 7 turns
   582 | D:4      | Noticed an ogre
   596 | D:4      | HP: 1/31 [ogre/giant spiked club (30)]
   614 | D:4      | Slain by a jackal

Action                   |  1- 3 |  4- 6 || total
-------------------------+-------+-------++-------
Melee: Quarterstaff      |    13 |    16 ||    29
Evoke: Wand              |       |     5 ||     5
  Use: Potion            |     1 |     7 ||     8
       Scroll            |       |     5 ||     5
 Stab: Sleeping          |     2 |       ||     2
       Invisible         |     1 |       ||     1
